 Dungeon Crawl Stone Soup version 0.29.1-4-g47bece8355 (webtiles) character file.

Game seed: 2327613329955667506

637547 cdecastro the Petrodigitator (level 27, -3/131 (190) HPs)
             Began as a Gargoyle Earth Elementalist on Nov 30, 2022.
             Was the Champion of Sif Muna.
             Killed from afar by a balrug (8 damage)
             ... with a fireball
             ... in Pandemonium on Dec 12, 2022.
             The game lasted 09:34:03 (129605 turns).

cdecastro the Petrodigitator (GrEE)               Turns: 129605, Time: 09:34:04

HP:   -3/131 (190)  AC: 44    Str: 21      XL:     27
MP:   6/65          EV: 14    Int: 26 (30) God:    Sif Muna [******]
Gold: 2655          SH:  6    Dex:  8      Spells: 9/66 levels left

rFire   + + .      SeeInvis .   a - +8 trishula "Condemnation" {holy, anguish, *Noise Fly rN+}
rCold   + . .      Faith    +   N - +0 buckler {AC+3}
rNeg    + + +      Spirit   .   P - +4 leather armour of the Stone Wall {rF+ Will+ Int+3}
rPois   ∞          Reflect  .   M - +2 hat
rElec   +          Harm     .   H - +2 cloak {Will+}
rCorr   .          Rampage  .   G - +2 pair of gloves
Will    ++++.      Rage     3%  C - +2 pair of boots
Stlth   ++++......              q - amulet "Munewk" {Faith Str+8}
HPRegen 0.00/turn               Z - ring of magical power
MPRegen 0.39/turn               B - ring of Raroduu {rF+ rC+ rN+ MP+9 Int-2}

@: channelling, flying, very slightly contaminated, inhibited regen, studying
Maces & Flails, very heavily drained
A: sickness immunity, AC +20, big wings, negative energy resistance 1,
electricity resistance, torment resistance 1, petrification resistance, berserk
1, clumsy 1, inhibited regeneration
}: 4/15 runes: serpentine, barnacled, silver, abyssal
a: Renounce Religion, Channel Magic, Forget Spell, Divine Exegesis


You were in Pandemonium.
You worshipped Sif Muna.
Sif Muna was exalted by your worship.
You visited 14 branches of the dungeon, and saw 56 of its levels.
You visited Pandemonium 1 time, and saw 1 of its levels.
You visited the Abyss 3 times.
You also visited: Ossuary, Ice Cave and Volcano.

You collected 8417 gold pieces.
You spent 5762 gold pieces at shops.

Inventory:

Hand Weapons
 a - the +8 trishula "Condemnation" (weapon) {holy, anguish, *Noise Fly rN+}
   (You found it on level 3 of the Crypt)

   It has been blessed by the Shining One to cause great damage to the undead
   and demons.
   It inflicts anguish, making its victims' attacks reflect back on them.
   rN:        It protects you from negative energy.
   Fly:       It grants you flight.
   *Noise:    It may make noises in combat.
Armour
 C - a +2 pair of boots (worn)
 G - a +2 pair of gloves (worn)
 H - a +2 cloak of willpower (worn)
 M - a +2 hat (worn)
 N - a +0 buckler of protection (worn)
 P - the +4 leather armour of the Stone Wall (worn) {rF+ Will+ Int+3}
   (You found it on level 4 of the Lair of Beasts)

   Int:       It affects your intelligence (+3).
   rF:        It protects you from fire.
   Will:      It increases your willpower.
Magical Staves
 b - a staff of earth
 p - a staff of conjuration
Jewellery
 c - a ring of protection from cold
 f - a ring of the Octopus King {rCorr HP+2 AC+2 EV+2 SH+2}
   (You found it on level 1 of the Shoals)

   [ring of resist corrosion]

   AC:        It affects your AC (+2).
   EV:        It affects your evasion (+2).
   HP:        It affects your health (+2).
   rCorr:     It protects you from acid and corrosion.
   SH:        It affects your SH (+2).
 h - the ring "Oloich" {rPois Will+++ Int+6 Dex-4 Stlth-}
   (You found it on level 1 of the Realm of Zot)

   [ring of intelligence]

   Int:       It affects your intelligence (+6).
   Dex:       It affects your dexterity (-4).
   rPois:     It protects you from poison.
   Will:      It greatly increases your willpower.
   Stlth:     It makes you less stealthy.
 q - the amulet "Munewk" (around neck) {Faith Str+8}
   (You bought it in a shop on level 2 of the Elven Halls)

   [amulet of faith]

   It allows you to gain divine favour quickly.
   Str:       It affects your strength (+8).
 B - the ring of Raroduu (right hand) {rF+ rC+ rN+ MP+9 Int-2}
   (You took it off a deep elf death mage on level 3 of the Elven Halls)

   [ring of protection from fire]

   Int:       It affects your intelligence (-2).
   rF:        It protects you from fire.
   rC:        It protects you from cold.
   rN:        It protects you from negative energy.
   MP:        It affects your magic capacity (+9).
 R - a ring of see invisible
 Z - a ring of magical power (left hand)
Wands
 v - a wand of roots (33)
 F - a wand of mindburst (36)
 K - a wand of quicksilver (31)
 T - a wand of digging (23)
Scrolls
 i - 20 scrolls of teleportation
 o - 7 scrolls of blinking
 s - 14 scrolls of poison
 y - 9 scrolls of magic mapping
 D - 9 scrolls of fear
 I - 4 scrolls of silence
 J - 3 scrolls of summoning
 Q - 20 scrolls of immolation
 Y - 2 scrolls of torment
Potions
 e - 13 potions of heal wounds
 g - 28 potions of curing
 l - 10 potions of haste
 n - 10 potions of might
 r - 8 potions of magic
 u - 13 potions of brilliance
 x - 11 potions of attraction
 z - 3 potions of resistance
 A - 3 potions of invisibility
 O - 5 potions of berserk rage
 X - 3 potions of cancellation
Miscellaneous
 j - a phantom mirror
 k - a condenser vane
 m - a phial of floods
 w - a tin of tremorstones (2/2)
 L - a lightning rod (4/4)
 W - a box of beasts


   Skills:
 - Level 24.0 Fighting
 - Level 13.6(14.2) Polearms
 - Level 7.2(12.0) Staves
 - Level 10.0 Armour
 - Level 13.0 Dodging
 - Level 10.0 Stealth
 - Level 10.0 Shields
 - Level 20.0 Spellcasting
 - Level 17.0 Conjurations
 - Level 0.7 Transmutations
 + Level 11.9 Fire Magic
 O Level 27 Earth Magic
 - Level 14.0 Invocations
 - Level 5.0 Evocations


You had 9 spell levels left.
You knew the following spells:

 Your Spells              Type           Power      Damage    Failure   Level
a - Shatter               Erth           52%        3d40*     3%          9
b - Apportation           Tloc           52%        N/A       2%          1
c - Passwall              Tmut/Erth      65%        N/A       0%          2
d - Orb of Destruction    Conj           42%        9d12      1%          7
e - Mephitic Cloud        Conj/Pois/Air  53%        N/A       1%          3
f - Fireball              Conj/Fire      39%        3d16      1%          5
i - Iskenderun's Mystic   Conj/Tloc      63%        2d13      1%          4
j - Irradiate             Conj/Tmut      32%        3d22      1%          5
k - Starburst             Conj/Fire      39%        6d11      1%          6
l - Searing Ray           Conj           100%       2d8       0%          2
m - Borgnjor's Vile Clut  Necr/Erth      38%        N/A       1%          5
n - Lehudib's Crystal Sp  Conj/Erth      48%        10d11     1%          8

Your spell library contained the following spells:

 Spells                   Type           Power      Damage    Failure   Level
 Foxfire                  Conj/Fire      100%       2x1d9     0%          1
 Magic Dart               Conj           100%       1d8       0%          1
 Sandblast                Erth           100%       2d20      0%          1
 Stone Arrow              Conj/Erth      100%       3d13      0%          3
 Lee's Rapid Deconstruct  Erth           52%        3d26*     0%          5
 Beastly Appendage        Tmut           58%        N/A       1%          1
 Shock                    Conj/Air       100%       1d9       1%          1
 Sting                    Tmut/Pois      100%       1d8       1%          1
 Scorch                   Fire           100%       2d10      1%          2
 Static Discharge         Conj/Air       63%        3-11/arc  1%          2
 Conjure Flame            Conj/Fire      79%        6-21      1%          3
 Dazzling Flash           Conj/Hex       100%       N/A       1%          3
 Ignite Poison            Fire/Tmut/Pois 47%        N/A       1%          3
 Inner Flame              Hex/Fire       54%        N/A       1%          3
 Animate Armour           Summ/Erth      100%       N/A       1%          4
 Flame Wave               Conj/Fire      79%        2d17      1%          4
 Fulminant Prism          Conj/Hex       31%        3d16      1%          4
 Hailstorm                Conj/Ice       63%        3d13      1%          4
 Leda's Liquefaction      Hex/Erth       38%        N/A       1%          4
 Petrify                  Tmut/Erth      78%        N/A       1%          4
 Sticky Flame             Conj/Fire      79%        2d9       1%          4
 Iskenderun's Battlesphe  Conj           85%        2d13      1%          5
 Lightning Bolt           Conj/Air       31%        1d48      1%          5
 Iron Shot                Conj/Erth      48%        9d9       1%          6
 Freeze                   Ice            100%       1d11      2%          1
 Necrotise                Necr           100%       1d9       2%          1
 Slow                     Hex            100%       N/A       2%          1
 Summon Small Mammal      Summ           100%       N/A       2%          1
 Wereblood                Tmut           29%        N/A       2%          2
 Blink                    Tloc           52%        N/A       3%          2
 Call Imp                 Summ           26%        N/A       3%          2
 Ensorcelled Hibernation  Hex/Ice        52%        N/A       3%          2
 Poisonous Vapours        Pois/Air       52%        N/A       3%          2
 Spider Form              Tmut/Pois      27%        N/A       6%          3
 Freezing Cloud           Conj/Ice/Air   26%        6-21      6%          5
 Call Canine Familiar     Summ           26%        N/A       7%          3
 Confusing Touch          Hex            26%        N/A       7%          3
 Frozen Ramparts          Ice            52%        1d8       7%          3
 Gell's Gravitas          Tloc           26%        N/A       7%          3
 Lesser Beckoning         Tloc           26%        N/A       7%          3
 Ozocubu's Armour         Ice            26%        N/A       7%          3
 Portal Projectile        Hex/Tloc       52%        N/A       7%          3
 Summon Guardian Golem    Hex/Summ       26%        N/A       7%          3
 Swiftness                Air            26%        N/A       7%          3
 Teleport Other           Tloc           26%        N/A       7%          3
 Tukima's Dance           Hex            26%        N/A       7%          3
 Vampiric Draining        Necr           26%        2d7       7%          3
 Conjure Ball Lightning   Conj/Air       31%        3x3d10    11%         6
 Ice Form                 Ice/Tmut       27%        N/A       19%         4
 Airstrike                Air            13%        2d(2-18)  22%         4
 Anguish                  Hex/Necr       13%        N/A       22%         4
 Animate Dead             Necr           26%        N/A       22%         4
 Cause Fear               Hex            13%        N/A       22%         4
 Corpse Rot               Necr/Pois/Air  26%        N/A       22%         4
 Dispel Undead            Necr           26%        3d13      22%         4
 Olgreb's Toxic Radiance  Pois           26%        N/A       22%         4
 Passage of Golubria      Tloc           26%        N/A       22%         4
 Summon Ice Beast         Ice/Summ       26%        N/A       22%         4
 Summon Lightning Spire   Summ/Air       26%        N/A       22%         4
 Blade Hands              Tmut           14%        N/A       43%         5
 Alistair's Intoxication  Tmut/Pois      18%        N/A       47%         5
 Yara's Violent Unravell  Hex/Tmut       13%        3d7       47%         5
 Spellforged Servitor     Conj/Summ      31%        N/A       50%         7
 Agony                    Necr           26%        N/A       52%         5
 Manifold Assault         Tloc           26%        N/A       52%         5
 Metabolic Englaciation   Hex/Ice        13%        N/A       52%         5
 Silence                  Hex/Air        13%        N/A       52%         5
 Summon Forest            Summ/Tloc      13%        N/A       52%         5
 Summon Mana Viper        Hex/Summ       26%        N/A       52%         5
 Ignition                 Fire           36%        3d11      73%         8
 Eringya's Noxious Bog    Tmut/Pois      13%        N/A       96%         6
 Death Channel            Necr           13%        N/A       98%         6
 Dispersal                Tloc           13%        N/A       98%         6
 Simulacrum               Ice/Necr       13%        N/A       98%         6
 Summon Cactus Giant      Summ           13%        N/A       98%         6
 Fire Storm               Conj/Fire      39%        8d10      99%         9
 Dragon Form              Tmut           14%        N/A       100%        7
 Enfeeble                 Hex            13%        N/A       100%        7
 Haunt                    Necr/Summ      13%        N/A       100%        7
 Malign Gateway           Summ/Tloc      13%        N/A       100%        7
 Monstrous Menagerie      Summ           13%        N/A       100%        7
 Ozocubu's Refrigeration  Ice            13%        4d10      100%        7
 Storm Form               Tmut/Air       13%        N/A       100%        7
 Summon Hydra             Summ           13%        N/A       100%        7
 Borgnjor's Revivificati  Necr           13%        N/A       100%        8
 Discord                  Hex            13%        N/A       100%        8
 Disjunction              Tloc           13%        N/A       100%        8
 Infestation              Necr           13%        N/A       100%        8
 Maxwell's Capacitive Co  Air            13%        ∞         100%        8
 Necromutation            Tmut/Necr      13%        N/A       100%        8
 Summon Horrible Things   Summ           13%        N/A       100%        8
 Chain Lightning          Conj/Air       31%        3d42      100%        9
 Death's Door             Necr           13%        N/A       100%        9
 Dragon's Call            Summ           13%        N/A       100%        9
 Polar Vortex             Ice            13%        N/A       100%        9
 Statue Form              Tmut/Erth      Unusable   N/A       N/A         6

Dungeon Overview and Level Annotations

Branches:
Dungeon (15/15)            Temple (1/1) D:5            Lair (5/5) D:9
 Shoals (4/4) Lair:3        Snake (4/4) Lair:3        Slime (2/5) Lair:5
    Orc (2/2) D:11            Elf (3/3) Orc:2        Vaults (5/5) D:14
  Crypt (3/3) Vaults:3       Tomb (0/3) Crypt:3      Depths (4/4) D:15
   Hell (visited)             Dis (2/7) Hell            Geh (0/7) Hell
    Coc (0/7) Hell            Tar (0/7) Hell            Zot (5/5) Depths:4
Ossuary (visited)           IceCv (visited)         Volcano (visited)

Altars:
Ashenzari
Cheibriados
Dithmenos
Elyvilon
Fedhas
Gozag
Hepliaklqana
Kikubaaqudgha
Makhleb
Nemelex Xobeh
Okawaru
Qazlal
Ru
Sif Muna
Trog
Uskayaw
Vehumet
Wu Jian
Xom
Yredelemnul
Zin
The Shining One
Jiyva
Lugonu

Shops:
D:1 (   Orc:1 [   Orc:2 (??[   Elf:2 =   Elf:3 **[   Shoals:2 [   Shoals:3 *
Snake:4 *

Portals:
Hell: Depths:1 Depths:2 Depths:3 Depths:4
Abyss: Lair:5 Depths:1 Depths:2 Depths:3
Pandemonium: Depths:2 Depths:3 Depths:4
Ziggurat: Depths:3
Trove: Depths:4 (show slimy rune of Zot)

Annotations:
Zot:3 exclusion: curse toe


Innate Abilities, Weirdness & Mutations

You are immune to sickness and miasma.
Your stone body is resilient. (AC +20)
You are immune to poison.
Your large and strong wings let you fly.
You resist negative energy. (rN+)
You are resistant to electric shocks. (rElec)
You are resistant to unholy torment.
You are immune to petrification.
You sometimes lose your temper in combat.
You are clumsy. (Dex -2)
You do not regenerate when monsters are visible.


Message History

Confirm with . or Enter, or press ? or * to list all spells.
The dungeon rumbles!
The sun demon is severely wounded.
The sun demon is heavily wounded.
The balrug is heavily wounded.
You kill the Hell Sentinel!
Sif Muna accepts your kill.
The ynoxinul is severely wounded.
A door shatters!
Ka-crash!
Your life is in your own hands again!
The sun demon hits you but does no damage. x2
The balrug gestures at you.
The fireball explodes!
The fireball engulfs the sun demon.
The sun demon completely resists.
The fireball engulfs the sun demon.
The sun demon completely resists.
The fireball engulfs the balrug.
The balrug completely resists.
The fireball engulfs you. You resist.
* * * LOW HITPOINT WARNING * * *
The sun demon barely misses you.
You hear a hideous shriek!
Unknown command.
Unknown command.
Unknown command.
Unknown command.
Unknown command.
Casting: Shatter (dangerous; 3% risk of failure)
Confirm with . or Enter, or press ? or * to list all spells.
The dungeon rumbles!
You kill the sun demon!
Sif Muna accepts your kill.
The sun demon is severely wounded.
The ynoxinul is almost dead.
The balrug is heavily wounded.
Ka-crash!
A smoke demon comes into view.
You step away from death's doorway.
You hear a roar!
The sun demon closely misses you. The balrug gestures at you.
The fireball explodes!
The fireball engulfs you! You resist.
You die...

#....#.........#...........#.
#...#.............#.........(..#.
#..∩+...#..#...........[...#..)'#
#...#................)........##.
#...#..#.3...........#.......##..
#...#.#.#.#.#.................###
#...#..#........2................
#...##...........3....?..........
#..........#....@................
#.........#.......#..............
#...)....#....3..........#...####
#...##.#...#.............#..
#...#..##.................
#...#....................#
#...#....................#
#...#...#...#..#.........'
#...#...# '...#...#.


You could see a balrug, a sun demon, a smoke demon and a ynoxinul.

Vanquished Creatures
  2 dread liches
  An ancient lich (Abyss:1)
  The ghost of Gupaxyh the Wrestler, a veteran TrCA of Jiyva (Depths:4)
  Josephina (Vaults:3)
  Bai Suzhen (Elf:3)
  A caustic shrike (Dis:1)
  A pandemonium lord (Pan)
  Geryon (Hell)
  Nikola (Depths:1)
  A profane servitor (Crypt:3)
  A pearl dragon (Abyss:1)
  3 golden dragons
  2 bone dragons
  A hellephant (Hell)
  Jorgrun (D:12)
  22 tentacled monstrosities
  2 Orb Guardians (Zot:5)
  A walking crystal tome (Depths:3)
  6 Hell Sentinels
  8 liches
  3 deep elf blademasters
  Mlioglotl (Snake:1)
  A walking frostbound tome (Depths:3)
  Asterion (Depths:2)
  9 quicksilver dragons
  An acid blob (Slime:1)
  2 deep elf master archers (Elf:3)
  9 tentacled starspawn
  The ghost of Ullipcorian the Executioner, an adept HOFi of Okawaru (Shoals:1)
  The ghost of TheSexyCheese the Severer, an adept HOFi of Gozag (Snake:4)
  4 titans (Vaults:5)
  7 death cobs
  Polyphemus (Shoals:4)
  5 ancient champions
  7 sphinxes
  2 krakens
  7 shadow dragons
  The ghost of Angmar the Brawler, an adept DrTm of Wu Jian (Shoals:3)
  Donald (Snake:3)
  9 tengu reavers
  10 draconian monks
  7 iron dragons
  15 storm dragons
  10 fire giants
  3 rockslimes
  3 revenants
  A demonspawn warmonger (Pan)
  A nagaraja (Snake:4)
  14 vault wardens
  Aizul (Snake:4)
  A ghost moth (Zot:4)
  5 frost giants
  5 deep elf sorcerers
  Louise (Depths:2)
  6 draconian scorchers
  9 draconian knights
  4 balrugs
  4 orc warlords
  6 draconian stormcallers
  2 cacodemons
  4 deep elf elementalists
  2 spriggan defenders (Depths:2)
  4 ghouls
  A caustic shrike zombie (Crypt:3)
  10 draconian shifters
  2 quicksilver oozes (Slime:2)
  15 war gargoyles
  3 draconian annihilators
  28 very ugly things
  15 ironbound preservers
  2 quicksilver oozes (shapeshifter) (Vaults:5)
  17 green draconians
  5 reapers (Hell)
  9 stone giants
  7 vampire knights
  6 deep elf demonologists (Elf:3)
  6 ironbound thunderhulks
  Nessos (Lair:3)
  A rockslime zombie (Crypt:2)
  6 black draconians
  6 dire elephants
  3 entropy weavers
  5 yellow draconians
  11 red draconians
  12 purple draconians
  7 white draconians
  10 deep elf annihilators
  5 eidola
  8 spark wasps
  An iron golem (Dis:1)
  A green death (Pan)
  16 ettins
  3 blizzard demons
  15 deep elf death magi
  5 merfolk javelineers
  24 jiangshi
  A quicksilver dragon zombie (Depths:1)
  A kraken zombie (Hell)
  15 yaktaur captains
  A deep elf high priest (Elf:3)
  A spectral spriggan (Crypt:3)
  10 merfolk impalers
  6 fire dragons
  37 vault guards
  5 ice dragons
  7 ogre magi
  2 rakshasas
  A great orb of eyes (Vaults:2)
  5 salamander tyrants (Snake:4)
  5 spriggan zombies (Crypt:2)
  A boulder beetle (Vaults:2)
  Erolcha (D:9)
  2 peacekeepers (Vaults:4)
  An Orb Guardian zombie (Crypt:2)
  3 spriggan air magi (Depths:2)
  22 two-headed ogres
  21 centaur warriors
  17 hydras
  2 catoblepae
  20 anacondas
  5 merfolk avatars
  15 naga warriors
  8 merfolk aquamancers
  9 ironbound frosthearts
  6 alligator snapping turtles
  Erica (D:11)
  5 death knights
  28 dancing weapons
  4 deep troll earth magi
  2 deep troll shamans
  A satyr (Shoals:3)
  Urug (Lair:1)
  7 vampire magi
  An Orb Guardian skeleton (Crypt:1)
  12 hell hogs (Hell)
  2 tengu warriors
  2 orc high priests
  16 shock serpents
  3 titan zombies
  10 naga sharpshooters
  8 death yaks
  6 thrashing horrors
  4 hell knights
  12 deep elf knights
  7 soul eaters
  19 sun demons
  4 wretched stars
  A fire crab (Lair:5)
  32 skeletal warriors
  5 sixfirhies
  9 salamander mystics
  2 iron trolls (Depths:1)
  A spatial maelstrom (Abyss:3)
  A bunyip zombie (Hell)
  49 deep trolls
  A shadow demon (Pan)
  A death drake (shapeshifter) (Depths:1)
  12 starcursed masses
  9 sea snakes
  A shadow dragon zombie (D:15)
  5 glowing orange brains
  11 orc knights
  An anaconda zombie (Hell)
  A spark wasp zombie (Depths:1)
  11 flayed ghosts
  18 phantasmal warriors
  13 naga ritualists
  An anaconda skeleton (Hell)
  8 wizards
  A bog body (Crypt:2)
  16 ironbound convokers
  9 lindwurms
  An obsidian statue (Shoals:1)
  A spriggan simulacrum (Crypt:1)
  25 harpies
  7 necromancers
  13 deep elf archers
  28 ugly things
  2 wolf spiders (Lair:3)
  17 deep elf pyromancers
  An orc sorcerer (Orc:1)
  Pikel (D:3)
  12 mana vipers
  22 deep elf zephyrmancers
  A shadow dragon skeleton (Crypt:2)
  7 cyclopes
  2 wolf spiders (shapeshifter)
  A cyclops (shapeshifter) (Vaults:5)
  A shining eye (shapeshifter) (Depths:3)
  8 fauns
  A manticore (shapeshifter) (Depths:1)
  18 manticores
  A moth of wrath (shapeshifter) (Elf:1)
  8 merfolk sirens
  17 moths of wrath
  9 elephants (Lair:5)
  22 salamanders
  A worldbinder (Abyss:1)
  A centaur zombie (Crypt:2)
  2 ice statues (IceCv)
  6 guardian serpents
  A fire giant skeleton (Depths:1)
  37 black mambas
  A dire elephant zombie (Crypt:2)
  14 naga magi
  An elephant (shapeshifter) (Vaults:5)
  8 rust devils (Hell)
  21 vault sentinels
  8 water nymphs
  Maggie (D:8)
  10 smoke demons
  4 orange demons
  A frost giant skeleton (Depths:1)
  10 cane toads
  7 rime drakes
  19 komodo dragons
  A naga skeleton (Crypt:2)
  Psyche (D:9)
  9 freezing wraiths
  10 hellions
  An unseen horror (D:10)
  A rime drake (shapeshifter) (D:13)
  3 tormentors (Dis:1)
  2 efreet
  2 hellwings
  A bunyip simulacrum (Hell)
  19 yaktaurs
  6 ancient zymes
  A grey draconian zombie (Crypt:1)
  A red devil (Pan)
  A tengu conjurer (Depths:3)
  3 spectral nagas (Snake:1)
  6 ice devils
  A spectral human (Depths:4)
  A mana viper skeleton (Crypt:1)
  40 merfolk
  A silent spectre (Abyss:1)
  A hydra zombie (Hell)
  12 trolls
  4 polar bears
  11 wind drakes
  A hornet (shapeshifter) (Elf:2)
  An ettin zombie (Crypt:2)
  A hornet (Depths:2)
  72 slime creatures
  A tarantella (shapeshifter) (Depths:1)
  8 blink frogs
  A raiju (Abyss:3)
  A tarantella (Vaults:3)
  11 dream sheep (Lair:5)
  14 snapping turtles
  A boulder beetle zombie (Crypt:2)
  An alligator zombie (Hell)
  15 large abominations
  A slime creature (shapeshifter) (Depths:1)
  2 harpy skeletons
  A stone giant simulacrum (Crypt:1)
  53 flying skulls
  7 air elementals (Shoals:4)
  2 alligator skeletons (Hell)
  An ettin skeleton (Hell)
  4 shadows (Crypt:3)
  7 wyverns
  40 water elementals
  A vampire (D:10)
  11 wraiths
  2 spriggans
  11 ynoxinuls
  2 spriggan skeletons
  60 yaks
  6 neqoxecs
  8 fire bats
  8 basilisks
  A wind drake skeleton (Crypt:1)
  24 fire elementals
  6 redbacks
  5 steam dragons
  4 chaos spawn
  2 hogs (D:9)
  15 vampire mosquitoes
  Edmund (D:5)
  A naga zombie (Crypt:3)
  2 wargs
  An acid dragon (D:14)
  26 nagas
  19 water moccasins
  3 hell hounds (Hell)
  A human skeleton (D:15)
  A sky beast (shapeshifter) (Vaults:5)
  12 orc warriors
  An alligator simulacrum (Hell)
  An ettin simulacrum (Crypt:1)
  11 black bears
  33 ogres
  4 ice beasts
  12 wolves
  An elephant skeleton (Crypt:1)
  3 lemures (D:3)
  7 centaurs
  2 phantoms (D:7)
  15 bullfrogs
  4 kobold brigands
  A draconian zombie (Crypt:2)
  3 elf zombies (Elf:1)
  7 gnoll sergeants
  8 necrophages
  4 scorpions
  An earth elemental (Elf:3)
  A yaktaur skeleton (Crypt:1)
  2 naga simulacra
  20 small abominations
  A hornet simulacrum (D:15)
  3 lindwurm simulacra (IceCv)
  4 killer bees (D:9)
  8 electric eels (D:9)
  3 howler monkeys (D:7)
  A crimson imp (Abyss:1)
  7 komodo dragon simulacra (IceCv)
  3 hounds
  17 orc priests
  3 gnoll boudas
  4 jellies
  An iron imp (Abyss:1)
  Ijyb (D:3)
  Jessica (D:2)
  4 iguanas
  26 orc wizards
  A boggart skeleton (Crypt:1)
  An ogre zombie (Crypt:1)
  A tengu zombie (Crypt:1)
  A deep dwarf skeleton (Crypt:1)
  A boggart simulacrum (D:14)
  4 mummies
  40 gnolls
  6 acid dragon simulacra (IceCv)
  A swamp drake skeleton (Crypt:2)
  8 adders
  A shadow imp (D:7)
  5 white imps
  5 steam dragon simulacra (IceCv)
  2 ufetubi
  An adder skeleton (Crypt:2)
  2 worms
  2 dart slugs (D:2)
  53 orcs
  2 ball pythons
  9 bats
  4 endoplasms
  2 giant cockroaches
  A gnoll zombie (Ossuary)
  10 goblins
  4 hobgoblins
  4 jackals (D:2)
  6 quokkas
  A frilled lizard (D:2)
  7 goblin zombies (Ossuary)
  4 hobgoblin zombies
  30 kobolds
  6 kobold zombies
  6 rats
  5 fire vortices
  2 starspawn tentacles
  6 tentacles
2588 creatures vanquished.

Vanquished Creatures (others)
  A centaur warrior (Vaults:2)
  A yaktaur (Vaults:3)
  A water elemental (Abyss:1)
  An air elemental (Elf:1)
  A steam dragon (Volcano)
  A small abomination (Abyss:1)
  A bush (Lair:5)
  20 fungi
  A lurking horror (Abyss:1)
  187 plants
  12 starspawn tentacles
  8 tentacles
  11 withered plants (D:15)
246 creatures vanquished.

Grand Total: 2834 creatures vanquished

Notes
Turn   | Place    | Note
-------+----------+-------------------------------------------
     0 | D:1      | cdecastro the Gargoyle Earth Elementalist began the quest
                  | for the Orb.
     0 | D:1      | Reached XP level 1. HP: 10/10 MP: 3/3
   118 | D:1      | Found Nerheag's Weapon Shoppe.
   130 | D:1      | Reached skill level 4 in Earth Magic
   160 | D:1      | Reached XP level 2. HP: 15/15 MP: 0/5
  1152 | D:2      | Reached skill level 5 in Earth Magic
  1152 | D:2      | Reached XP level 3. HP: 19/19 MP: 4/6
  1153 | D:2      | Found a faded altar of an unknown god.
  1295 | D:2      | Noticed Jessica
  1298 | D:2      | Killed Jessica
  1299 | D:2      | Reached XP level 4. HP: 24/24 MP: 3/7
  1381 | D:2      | Learned a level 3 spell: Stone Arrow
  1387 | D:2      | Reached skill level 6 in Earth Magic
  2374 | D:3      | Noticed Ijyb
  2383 | D:3      | Killed Ijyb
  2384 | D:3      | Reached XP level 5. HP: 20/28 MP: 0/8
  2468 | D:2      | Learned a level 2 spell: Passwall
  2484 | D:3      | Reached skill level 7 in Earth Magic
  2620 | D:4      | Reached skill level 1 in Conjurations
  2620 | D:4      | Noticed an ogre
  2679 | D:4      | Noticed Pikel
  2679 | D:4      | Noticed a lemure
  2679 | D:4      | Noticed a lemure
  2679 | D:4      | Noticed a lemure
  2679 | D:4      | Noticed a lemure
  2697 | D:3      | Killed a lemure
  2719 | D:3      | Killed a lemure
  2736 | D:3      | Killed a lemure
  2817 | D:3      | Reached XP level 6. HP: 28/32 MP: 5/9
  2834 | D:3      | Killed Pikel
  2835 | D:3      | Reached XP level 7. HP: 19/36 MP: 2/10
  2906 | D:4      | Found a sand-covered staircase.
  2913 | Ossuary  | Entered an ossuary
  2913 | Ossuary  | Noticed a wraith
  2913 | Ossuary  | Noticed a wraith
  2913 | Ossuary  | Noticed a wraith
  3128 | Ossuary  | Noticed a wraith
  3149 | Ossuary  | Killed a wraith
  3158 | Ossuary  | Learned a level 4 spell: Petrify
  3380 | Ossuary  | Reached XP level 8. HP: 41/41 MP: 9/12
  4008 | D:4      | Reached skill level 5 in Spellcasting
  4126 | D:5      | Entered Level 5 of the Dungeon
  4320 | D:5      | Found a sacrificial altar of Ru.
  4381 | D:5      | Found a staircase to the Ecumenical Temple.
  4384 | D:5      | Noticed Edmund
  4443 | D:5      | Killed Edmund
  4551 | Temple   | Entered the Ecumenical Temple
  4557 | Temple   | Became a worshipper of Sif Muna the Loreminder
  4776 | D:5      | Found an opulent altar of Gozag.
  5282 | D:6      | Reached XP level 9. HP: 45/45 MP: 15/19
  5405 | D:6      | Upgraded the game from 0.29.1-2-gbd0b4ee654 to
                  | 0.29.1-4-g47bece8355
  6445 | D:7      | Reached * piety under Sif Muna
  6800 | D:7      | Reached skill level 10 in Spellcasting
  6800 | D:7      | Reached skill level 1 in Fighting
  6846 | D:7      | Reached skill level 1 in Invocations
  6884 | D:7      | Reached XP level 10. HP: 52/52 MP: 15/24
  6910 | D:7      | Identified the +7 hand axe "Ilihiste" {distort, rPois Will+
                  | Dex+2 Stlth-}
  7311 | D:7      | Reached ** piety under Sif Muna
  7338 | D:7      | Reached skill level 5 in Invocations
  7413 | D:8      | Found a shimmering altar of Xom.
  7448 | D:8      | Noticed Maggie
  7471 | D:8      | Killed Maggie
  7623 | D:8      | Found a transporter.
  7628 | D:8      | Found a transporter.
  7644 | D:8      | Found a transporter.
  8024 | D:8      | Found a transporter.
  8049 | D:8      | Found a bloodstained altar of Trog.
  8088 | D:8      | Found a broken altar of Ashenzari.
  8100 | D:8      | Found an iron altar of Okawaru.
  8121 | D:8      | Found a radiant altar of Vehumet.
  8133 | D:8      | Found a stormy altar of Qazlal.
  8345 | D:9      | Noticed Erolcha
  8494 | D:9      | Killed Erolcha
  8769 | D:9      | Reached skill level 10 in Invocations
  8769 | D:9      | Reached XP level 11. HP: 19/57 MP: 16/25
  8890 | D:9      | Reached *** piety under Sif Muna
  9057 | D:9      | Found a staircase to the Lair.
  9115 | D:9      | Reached skill level 5 in Fighting
  9220 | D:9      | Noticed a two-headed ogre
  9225 | D:9      | Killed a two-headed ogre
  9324 | D:9      | Noticed a two-headed ogre
  9355 | D:9      | Noticed a manticore
  9365 | D:9      | Killed a manticore
  9469 | D:9      | Noticed Psyche
  9579 | D:9      | Noticed a two-headed ogre
  9585 | D:9      | Killed a two-headed ogre
  9589 | D:9      | Killed a two-headed ogre
 10169 | D:10     | Entered Level 10 of the Dungeon
 10480 | D:10     | Reached skill level 10 in Fighting
 10611 | D:10     | Reached **** piety under Sif Muna
 10798 | D:10     | Found a hide-covered altar of Uskayaw.
 11056 | D:10     | Reached skill level 8 in Earth Magic
 11067 | D:10     | Reached XP level 12. HP: 54/77 MP: 17/26
 11327 | D:11     | Reached skill level 9 in Earth Magic
 11419 | D:11     | Found a staircase to the Orcish Mines.
 11546 | D:11     | Noticed a two-headed ogre
 11558 | D:11     | Killed a two-headed ogre
 11559 | D:11     | Reached skill level 10 in Earth Magic
 12226 | D:12     | Noticed Jorgrun
 12348 | D:12     | Reached skill level 5 in Stealth
 12535 | D:13     | Reached skill level 11 in Earth Magic
 12683 | D:13     | Noticed a centaur warrior
 12690 | D:13     | Killed a centaur warrior
 12839 | D:13     | Reached skill level 12 in Earth Magic
 13074 | D:14     | Noticed a centaur warrior
 13084 | D:14     | Killed a centaur warrior
 13186 | D:14     | Found a bloodstained altar of Trog.
 13308 | D:14     | Noticed an eight-headed hydra
 13385 | D:14     | Noticed a five-headed hydra
 13750 | D:14     | Noticed a vault guard
 13750 | D:14     | Noticed a vault guard
 13763 | D:15     | Entered Level 15 of the Dungeon
 13796 | D:15     | Found a staircase to the Depths.
 13796 | D:15     | Noticed a vampire mage
 13948 | D:15     | Noticed a six-headed hydra
 14317 | D:9      | Killed Psyche
 14318 | D:9      | Reached skill level 13 in Earth Magic
 14454 | D:9      | Found a shimmering altar of Xom.
 15321 | D:12     | Noticed an eight-headed hydra
 15326 | D:12     | Reached XP level 13. HP: 82/82 MP: 6/27
 15440 | D:12     | Killed Jorgrun
 15571 | D:12     | Learned a level 3 spell: Mephitic Cloud
 15577 | D:12     | Learned a level 5 spell: Fireball
 15641 | D:12     | Reached skill level 10 in Conjurations
 16263 | D:13     | Reached ***** piety under Sif Muna
 16569 | D:13     | Received a gift from Sif Muna
 16572 | D:13     | Got Bovityjam's Secrets of Moulding and Hoarfrost {god
                  | gift}
 17150 | D:14     | Found a gate to the Vaults.
 17150 | D:14     | Noticed a vault guard
 17150 | D:14     | Noticed a vault guard
 17150 | D:14     | Noticed a vault guard
 17175 | D:14     | Killed a vault guard
 17178 | D:14     | Killed a vault guard
 17270 | D:14     | Noticed a vault guard
 17280 | D:14     | Noticed a vault guard
 17281 | D:14     | Killed a vault guard
 17316 | D:14     | Killed a vault guard
 17531 | D:14     | Killed a vault guard
 17655 | D:14     | Killed a vault guard
 18618 | D:15     | Reached skill level 1 in Fire Magic
 18957 | D:15     | Gained mutation: Your large and strong wings let you fly.
                  | [Gargoyle growth]
 18957 | D:15     | Reached XP level 14. HP: 79/88 MP: 8/28
 19169 | D:15     | Reached skill level 5 in Fire Magic
 19934 | Orc:1    | Entered Level 1 of the Orcish Mines
 19934 | Orc:1    | Noticed Erica
 19960 | D:11     | Killed Erica
 20146 | Orc:1    | Paralysed by an orc sorcerer for 3 turns
 20151 | Orc:1    | Paralysed by an orc sorcerer for 3 turns
 20253 | Orc:1    | Found a frozen archway.
 20273 | IceCv    | Entered an ice cave
 20761 | IceCv    | Noticed a white draconian
 20773 | IceCv    | Killed a white draconian
 21074 | Orc:1    | Found Iceadd's Armour Emporium.
 21567 | Orc:2    | Entered Level 2 of the Orcish Mines
 21785 | Orc:2    | Found a staircase to the Elven Halls.
 21818 | Orc:2    | Received a gift from Sif Muna
 21820 | Orc:2    | Got Oca Vec's Folio of the Moneychanger {god gift}
 21902 | Orc:2    | Learned a level 1 spell: Magic Dart
 21908 | Orc:2    | Learned a level 5 spell: Iskenderun's Battlesphere
 21913 | Orc:2    | Learned a level 4 spell: Iskenderun's Mystic Blast
 23124 | Orc:2    | Found Ufipnuet's Antique Weapon Emporium.
 23124 | Orc:2    | Found Histu's Magic Scroll Shop.
 23134 | Orc:2    | Paralysed by an ogre mage for 5 turns
 23144 | Orc:2    | Reached XP level 15. HP: 92/92 MP: 22/31
 23455 | Orc:2    | Found Seqin's Antique Armour Shoppe.
 23470 | Orc:2    | Found Pook's Magic Scroll Shop.
 23496 | Orc:2    | Bought 3 scrolls of brand weapon for 370 gold pieces
 23496 | Orc:2    | Bought a scroll of fear for 52 gold pieces
 23501 | Orc:2    | Bought a pair of runed gloves for 195 gold pieces
 23517 | Orc:2    | Bought a scroll of magic mapping for 90 gold pieces
 23517 | Orc:2    | Bought a scroll of acquirement for 624 gold pieces
 23517 | Orc:2    | Bought a scroll of blinking for 90 gold pieces
 23517 | Orc:2    | Bought a scroll of fear for 48 gold pieces
 23518 | Orc:2    | Bought 3 scrolls of identify for 78 gold pieces
 23518 | Orc:2    | Bought a scroll of silence for 123 gold pieces
 23518 | Orc:2    | Bought a scroll of summoning for 123 gold pieces
 23523 | Orc:2    | Bought a shimmering leather armour for 182 gold pieces
 23523 | Orc:2    | Identified the +0 leather armour of Terror {Int+4} (You
                  | bought it in a shop on level 2 of the Orcish Mines)
 24086 | Lair:1   | Entered Level 1 of the Lair of Beasts
 24224 | Lair:1   | Noticed Urug
 24252 | Lair:1   | Killed Urug
 24557 | Lair:1   | Received a gift from Sif Muna
 24674 | Lair:1   | Got Owaego's Compendium of Maledictive Graupel {god gift}
 26592 | Lair:3   | Found a staircase to the Snake Pit.
 26700 | Lair:3   | Noticed Nessos
 26707 | Lair:3   | Killed Nessos
 26980 | Lair:3   | Found a staircase to the Shoals.
 26991 | Lair:3   | Identified the +8 hand axe of Xuzxidgh {holy, *Rage Str+5}
 27227 | Lair:3   | Reached skill level 15 in Spellcasting
 28149 | Lair:4   | Received a gift from Sif Muna
 28150 | Lair:4   | Got Sif Muna's Incunabulum of the Fiery Compass {god gift}
 28339 | Lair:4   | Identified the +4 leather armour of the Stone Wall {rF+
                  | Will+ Int+3}
 28850 | Lair:5   | Entered Level 5 of the Lair of Beasts
 28909 | Lair:5   | Reached skill level 5 in Dodging
 29074 | Lair:4   | Reached XP level 16. HP: 97/97 MP: 27/35
 29278 | Lair:5   | Found a staircase to the Slime Pits.
 29278 | Lair:5   | Found a viscous altar of Jiyva.
 29402 | Lair:5   | Found a dark tunnel.
 29410 | Volcano  | Entered a volcano
 31668 | Lair:5   | Received a gift from Sif Muna
 31671 | Lair:5   | Got Sif Muna's Lessons on the Reshaped Swarm {god gift}
 33105 | Lair:5   | Reached skill level 10 in Dodging
 33170 | Lair:5   | Found a corrupted altar of Lugonu.
 33170 | Lair:5   | Found a one-way gate to the infinite horrors of the Abyss.
 33510 | Lair:5   | Learned a level 5 spell: Irradiate
 33517 | Lair:5   | Learned a level 6 spell: Starburst
 33608 | Shoals:1 | Entered Level 1 of the Shoals
 34128 | Shoals:1 | Received a gift from Sif Muna
 34174 | Shoals:1 | Learned a level 2 spell: Searing Ray
 34812 | Shoals:1 | You are sucked into a shaft and drop 1 floor!
 35099 | Shoals:2 | Reached XP level 17. HP: 102/102 MP: 17/36
 35505 | Shoals:1 | Found a transporter.
 35505 | Shoals:1 | Found a transporter.
 35517 | Shoals:1 | Noticed Ullipcorian's ghost (adept HOFi)
 35517 | Shoals:1 | Found the ring of the Octopus King
 35819 | Shoals:1 | Noticed a kraken
 36000 | Shoals:2 | Reached skill level 15 in Conjurations
 36834 | Shoals:2 | Found Ra's Dragon-Slaying Spoils.
 37984 | Shoals:3 | Received a gift from Sif Muna
 38141 | Shoals:3 | Noticed Angmar's ghost (adept DrTm)
 38259 | Shoals:3 | Found a transporter.
 38827 | Shoals:3 | Found a transporter.
 38978 | Shoals:3 | Found Iduhobin's General Store.
 39421 | Shoals:4 | Entered Level 4 of the Shoals
 39612 | Shoals:4 | Paralysed by an air elemental for 1 turns
 39680 | Shoals:4 | Noticed a kraken
 39688 | Shoals:4 | Killed a kraken
 39841 | Shoals:4 | Reached skill level 10 in Fire Magic
 40730 | Shoals:4 | Received a gift from Sif Muna
 41588 | Shoals:4 | Reached XP level 18. HP: 99/113 MP: 12/37
 41777 | Shoals:4 | Noticed Polyphemus
 41899 | Shoals:4 | Killed Polyphemus
 42192 | Shoals:4 | Paralysed by an air elemental for 1 turns
 42198 | Shoals:4 | Gained mutation: You do not regenerate when monsters are
                  | visible. [mutagenic glow]
 42587 | Shoals:4 | Received a gift from Sif Muna
 42737 | Shoals:4 | Got Baonk's Catalogue of Damage Dealing {god gift}
 42894 | Shoals:4 | Identified the +7 shortbow "Deickamm" {flame, *Slow Str+4
                  | Int+4}
 43301 | Shoals:4 | Got a barnacled rune of Zot
 44131 | Snake:1  | Entered Level 1 of the Snake Pit
 44706 | Snake:1  | Noticed Mlioglotl
 44958 | Snake:1  | Killed Mlioglotl
 45294 | Snake:1  | Reached skill level 15 in Fighting
 47423 | Snake:2  | Received a gift from Sif Muna
 47433 | Snake:2  | Got Sif Muna's Meditations on Terrestrial Blasting {god
                  | gift}
 48648 | Snake:2  | Learned a level 5 spell: Borgnjor's Vile Clutch
 49001 | Snake:3  | Noticed Donald
 49009 | Snake:3  | Killed Donald
 49026 | Snake:3  | Reached XP level 19. HP: 117/124 MP: 7/38
 49069 | Snake:3  | HP: 6/124 [constriction[a naga ritualist] (3)]
 49787 | Snake:4  | Entered Level 4 of the Snake Pit
 50198 | Snake:4  | Noticed TheSexyCheese's ghost (adept HOFi)
 50208 | Snake:4  | Found a transporter.
 50226 | Snake:4  | Found Tonozeul's Assorted Antiques.
 50237 | Snake:4  | Bought a scroll of magic mapping for 172 gold pieces
 50639 | Snake:4  | Noticed Aizul
 50654 | Snake:4  | Killed Aizul
 51248 | Snake:4  | Found a transporter.
 53016 | Snake:4  | Received a gift from Sif Muna
 53019 | Snake:4  | Got Lehudib's Spellbook of Rocky Bolts {god gift}
 53760 | Snake:4  | Got a serpentine rune of Zot
 54457 | Elf:1    | Entered Level 1 of the Elven Halls
 54464 | Elf:1    | Reached skill level 14 in Earth Magic
 54751 | Elf:1    | Paralysed by an air elemental for 1 turns
 55357 | Elf:1    | Reached skill level 15 in Earth Magic
 55369 | Elf:1    | Got Ylam's Grimoire of the Mausoleum
 56126 | Elf:2    | Reached XP level 20. HP: 129/129 MP: 22/39
 56326 | Elf:2    | Found an ancient bone altar of Kikubaaqudgha.
 56580 | Elf:2    | Reached skill level 16 in Earth Magic
 56778 | Elf:2    | Found Ganeg's Jewellery Shoppe.
 56910 | Elf:2    | Bought a ring of willpower for 425 gold pieces
 57181 | Elf:2    | Received a gift from Sif Muna
 57182 | Elf:2    | Got Sif Muna's Compendium of the Changing Tempest {god
                  | gift}
 57241 | Elf:2    | Found a runed translucent gate.
 57247 | Elf:2    | Found a runed translucent gate.
 57248 | Elf:2    | Found a runed translucent gate.
 57640 | Elf:2    | Reached skill level 17 in Earth Magic
 57648 | Elf:2    | Learned a level 7 spell: Orb of Destruction
 59040 | Depths:1 | Entered Level 1 of the Depths
 59450 | Depths:1 | Found a gateway to Hell.
 59801 | Depths:1 | Noticed Nikola
 61355 | Depths:1 | Killed Nikola
 62262 | Depths:1 | Got Qiwi's Atlas of Congelation and Sinister Rites
 62361 | Depths:2 | Noticed Asterion
 62466 | Depths:2 | Killed Asterion
 62593 | Depths:2 | Received a gift from Sif Muna
 62594 | Depths:2 | Got Sif Muna's Folio of the Blazing Assassin {god gift}
 63092 | Depths:2 | Found a one-way gate leading to the halls of Pandemonium.
 63100 | Depths:2 | Found a radiant altar of Vehumet.
 63323 | Depths:2 | Noticed Louise
 63504 | Depths:2 | Killed Louise
 64247 | Depths:2 | Identified the +0 trident of Beogh's Envy {drain, rPois
                  | Int-4 Dex-5 SInv}
 64408 | Depths:2 | Reached XP level 21. HP: 125/139 MP: 23/41
 65340 | Depths:2 | Identified the +2 shortbow of Deflation {flame, Int+6}
 65345 | Depths:2 | Identified the +1 pair of boots of Otulobau {Harm rF+ Dex-3
                  | Stlth+}
 65345 | Depths:2 | Identified the +1 ring mail "Rekirphi" {Str-2 Int-4 Dex+9
                  | Stlth+}
 66452 | Depths:3 | Found a one-way gateway to a ziggurat.
 68966 | Depths:3 | Noticed a golden dragon
 68974 | Depths:3 | Killed a golden dragon
 69235 | Depths:3 | Gained mutation: You are clumsy. (Dex -2) [a shining eye]
 69236 | Depths:3 | Received a gift from Sif Muna
 69237 | Depths:3 | Got Sif Muna's Almanac of Hot Summoning {god gift}
 69387 | Depths:4 | Entered Level 4 of the Depths
 70446 | Depths:4 | Found a portal to a secret trove of treasure.
 71453 | Depths:4 | Noticed a golden dragon
 71592 | Depths:4 | Killed a golden dragon
 72007 | Depths:4 | Reached XP level 22. HP: 152/152 MP: 32/43
 72390 | Depths:4 | Found a hazy altar of Hepliaklqana.
 72612 | Depths:4 | Reached skill level 18 in Earth Magic
 73065 | Depths:4 | Found a gate to the Realm of Zot.
 73798 | Vaults:1 | Entered Level 1 of the Vaults
 74706 | Vaults:1 | Reached skill level 19 in Earth Magic
 74944 | Vaults:1 | Received a gift from Sif Muna
 76197 | Vaults:1 | Reached skill level 20 in Earth Magic
 76748 | Vaults:1 | Received a gift from Sif Muna
 76753 | Vaults:1 | Got Sif Muna's Handbook of Allies and Blasting {god gift}
 77152 | Vaults:2 | You are sucked into a shaft and drop 1 floor!
 80221 | Vaults:3 | Received a gift from Sif Muna
 80226 | Vaults:3 | Reached XP level 23. HP: 121/156 MP: 26/45
 80408 | Vaults:3 | Got Ruytseza's Opusculum on the Collective Barrage {god
                  | gift}
 81424 | Vaults:3 | Identified the +3 chain mail of Dishonour {rC+}
 81933 | Vaults:3 | Found a staircase to the Crypt.
 81933 | Vaults:3 | Found an ancient bone altar of Kikubaaqudgha.
 81933 | Vaults:3 | Found a basalt altar of Yredelemnul.
 82551 | Vaults:3 | Identified the +5 trident of Fuvuetz {vorpal, rC++}
 83513 | Vaults:4 | Received a gift from Sif Muna
 85078 | Vaults:4 | Reached skill level 21 in Earth Magic
 86188 | Vaults:5 | Entered Level 5 of the Vaults
 86552 | D:15     | Learned a level 8 spell: Lehudib's Crystal Spear
 88142 | Shoals:3 | Killed Angmar's ghost
 88505 | Snake:4  | Killed TheSexyCheese's ghost
 88852 | Snake:4  | Reached skill level 22 in Earth Magic
 89351 | Elf:3    | Entered Level 3 of the Elven Halls
 89358 | Elf:3    | Reached skill level 1 in Armour
 89438 | Elf:3    | Found Ripladysh's Antique Armour Emporium.
 89454 | Elf:3    | Bought a tattered robe for 239 gold pieces
 89454 | Elf:3    | Identified the +0 robe of Byuqemax {Str+7} (You bought it
                  | in a shop on level 3 of the Elven Halls)
 89454 | Elf:3    | Bought a pair of runed boots for 315 gold pieces
 89454 | Elf:3    | Bought a runed buckler for 315 gold pieces
 89535 | Elf:3    | Noticed Bai Suzhen
 89552 | Elf:3    | Killed Bai Suzhen
 89737 | Elf:3    | Received a gift from Sif Muna
 89738 | Elf:3    | Got Sif Muna's Incunable of Evil Transfiguration {god gift}
 90088 | Elf:3    | Found a shimmering blue altar of Sif Muna.
 90397 | Elf:3    | Found Conkameh's General Store.
 90399 | Elf:3    | Found Myny's Specific Store.
 90451 | Elf:3    | Bought a potion of brilliance for 72 gold pieces
 90451 | Elf:3    | Bought a potion of mutation for 144 gold pieces
 90451 | Elf:3    | Bought a scroll of torment for 171 gold pieces
 90497 | Elf:3    | Reached skill level 5 in Armour
 90672 | Elf:3    | Reached XP level 24. HP: 96/163 MP: 47/47
 90678 | Elf:3    | Identified the ring of Raroduu {rF+ rC+ rN+ MP+9 Int-2}
 90679 | Elf:3    | Identified the +1 glaive "Toqiam" {vorpal, Contam Will+
                  | Str+3 Int+8}
 91110 | Elf:3    | Identified the +7 lajatang of Cheese {chaos, rC+ rN++
                  | Will+}
 91910 | Elf:3    | Reached skill level 23 in Earth Magic
 92669 | Elf:3    | Identified the +1 cloak of Duty {Int+4 SInv}
 92682 | Elf:3    | Identified the ring "Uskoweuk" {Fly rCorr}
 92854 | Elf:3    | Got the Parchment of Geometric Transfiguration
 93773 | Vaults:5 | Reached skill level 24 in Earth Magic
 93875 | Vaults:5 | Identified the +2 spear of the Living Dead {antimagic,
                  | rElec Will+ rCorr SInv}
 94121 | Vaults:5 | Received a gift from Sif Muna
 94342 | Vaults:5 | Got Sif Muna's Directory of Cursed Lightning {god gift}
 95024 | Vaults:5 | Noticed a dread lich
 95044 | Vaults:5 | Killed a dread lich
 95589 | Vaults:5 | Identified the amulet "Isara" {Faith Harm rElec Str-3}
 95821 | Vaults:5 | Identified the amulet "Otuytroisch" {Acrobat rPois}
 96396 | Vaults:5 | Got a silver rune of Zot
 97467 | Vaults:5 | Received a gift from Sif Muna
 97469 | Vaults:5 | Got Sustior's Tome of Jinxing and Bedrock {god gift}
 97565 | Vaults:5 | Reached XP level 25. HP: 173/173 MP: 11/47
 98865 | Vaults:5 | Identified the +8 chain mail of Sodoq {Harm rElec rCorr
                  | Str+4}
 99649 | Vaults:5 | Learned a level 9 spell: Shatter
 99876 | D:15     | Acquired a book of Frost
100061 | Crypt:1  | Entered Level 1 of the Crypt
100082 | Crypt:1  | Reached skill level 25 in Earth Magic
101032 | Crypt:1  | Identified the ring of Leaves {Ice *Corrode rElec Dex+2}
101032 | Crypt:1  | Noticed Josephina
101194 | Vaults:3 | Killed Josephina
102203 | Crypt:2  | Reached skill level 26 in Earth Magic
102306 | Crypt:2  | Received a gift from Sif Muna
102307 | Crypt:2  | Got Azotos's Lectures on the Morbid Barrage {god gift}
104336 | Crypt:3  | Entered Level 3 of the Crypt
104522 | Crypt:3  | Reached skill level 27 in Earth Magic
104809 | Crypt:3  | Found a basalt altar of Yredelemnul.
105170 | Crypt:3  | Received a gift from Sif Muna
105177 | Crypt:3  | Got Sif Muna's Essays on Charming Summoning {god gift}
106478 | Crypt:3  | Found the +8 trishula "Condemnation" {holy, anguish, *Noise
                  | Fly rN+}
107098 | Crypt:3  | Identified the +4 robe "Diroet" {rF+}
107099 | Crypt:3  | Identified the ring "Weug" {rPois rF++ EV+4 Dex+4 Stlth-}
107804 | Crypt:3  | Reached XP level 26. HP: 175/183 MP: 18/47
108308 | Crypt:3  | Noticed a dread lich
108317 | Crypt:3  | Killed a dread lich
108532 | Crypt:3  | Found a staircase to the Tomb.
109247 | Shoals:1 | Identified a ring of the Octopus King {rCorr HP+2 AC+2 EV+2
                  | SH+2}
109270 | Shoals:1 | Killed Ullipcorian's ghost
109933 | Zot:1    | Entered Level 1 of the Realm of Zot
110113 | Zot:1    | Noticed Gupaxyh's ghost (veteran TrCA)
110876 | Depths:4 | Reached skill level 1 in Shields
111076 | Zot:1    | Received a gift from Sif Muna
111077 | Zot:1    | Reached skill level 5 in Shields
112152 | Depths:4 | Killed Gupaxyh's ghost
112381 | Zot:1    | Got Hupnix's Guidebook on Accomplices and Kindling {god
                  | gift}
112932 | Zot:1    | Identified the ring "Oloich" {rPois Will+++ Int+6 Dex-4
                  | Stlth-}
113236 | Zot:1    | Found a transporter.
113240 | Zot:1    | Found a transporter.
113433 | Zot:1    | Reached skill level 10 in Shields
113638 | Zot:1    | Reached skill level 1 in Polearms
114311 | Zot:1    | Reached skill level 5 in Polearms
116030 | Zot:2    | Reached skill level 10 in Polearms
116031 | Zot:2    | Reached skill level 1 in Evocations
117414 | Elf:2    | Bought an amulet of reflection for 510 gold pieces
117414 | Elf:2    | Bought the amulet "Munewk" {Faith Str+8} for 1084 gold
                  | pieces
117414 | Elf:2    | Bought a ring of positive energy for 340 gold pieces
118541 | Zot:3    | Reached XP level 27. HP: 190/190 MP: 40/47
118642 | Zot:3    | Reached skill level 5 in Evocations
120632 | Zot:4    | Found an ancient bone altar of Kikubaaqudgha.
120800 | Zot:5    | Entered Level 5 of the Realm of Zot
120800 | Zot:5    | Found the brooch of Shielding {Spirit SH+8}
121436 | Zot:5    | Reached skill level 10 in Armour
121862 | Hell     | Entered the Vestibule of Hell
121862 | Hell     | Noticed Geryon
122121 | Hell     | Reached skill level 1 in Staves
122751 | Hell     | Killed Geryon
123269 | Hell     | Found a gateway to the Iron City of Dis.
123379 | Hell     | Found a gateway to the ashen valley of Gehenna.
123447 | Hell     | Found a gateway to the decaying netherworld of Tartarus.
123451 | Hell     | Reached skill level 5 in Staves
123466 | Hell     | Reached ****** piety under Sif Muna
123585 | Hell     | Found a gateway to the freezing wastes of Cocytus.
123801 | Depths:1 | Voluntarily entered the Abyss.
124316 | Abyss:1  | Noticed an ancient lich
124318 | Abyss:1  | Killed an ancient lich
124319 | Abyss:1  | Reached skill level 10 in Stealth
124507 | Depths:1 | Escaped the Abyss
124615 | Depths:1 | Voluntarily entered the Abyss.
124618 | Abyss:1  | Found a corrupted altar of Lugonu.
125487 | Depths:1 | Escaped the Abyss
125614 | Depths:1 | Voluntarily entered the Abyss.
125620 | Abyss:2  | Found a corrupted altar of Lugonu.
125623 | Abyss:2  | Found a corrupted altar of Lugonu.
125666 | Abyss:3  | Learned a level 1 spell: Apportation
125832 | Abyss:3  | Got an abyssal rune of Zot
125844 | Depths:1 | Escaped the Abyss
126433 | Slime:1  | Entered Level 1 of the Pits of Slime
127829 | Dis:1    | Entered Level 1 of the Iron City of Dis
129010 | Pan      | Entered Pandemonium
129328 | Pan      | Noticed Amiret the pandemonium lord
129336 | Pan      | Killed Amiret the pandemonium lord
129518 | Pan      | Gained mutation: You sometimes lose your temper in combat.
                  | [a cacodemon]
129588 | Pan      | HP: 4/119 [sun demon[a balrug] (3)]
129604 | Pan      | HP: 5/128 [balrug/fireball (4)]
129605 | Pan      | Killed from afar by a balrug

Illustrated notes

Levels and vault maps discovered:
D:1:      minmay_arrival_loop, layout_basic, serial_shops, nicolae_diamond_shop
D:2:      layout_basic, shapermc_ecumenical_altar_totnotflames, uniq_jessica
D:3:      layout_loops_cross, uniq_ijyb
D:4:      layout_rooms, nicolae_ossuary_entry_giza, uniq_pikel
D:5:      layout_basic, mainiacjoe_overflow_brackets,
          mainiacjoe_overflow_concentric_impassable, minmay_temple_entry_ruins,
          uniq_edmund
D:6:      layout_basic
D:7:      layout_loops_ring, minmay_manual_mullet
D:8:      layout_cave_pools, xom_butterflies, nicolae_overflow_quartered_altars,
          lightli_temple_of_fire, nicolae_transporter_circle, uniq_maggie
D:9:      kennysheep_town, uniq_psyche, uniq_erolcha
D:10:     layout_roguey, mainiacjoe_overflow_alcove_2
D:11:     layout_irregular_city, erik_orc_3
D:12:     layout_loops_ring, uniq_jorgrun
D:13:     layout_small_grid
D:14:     layout_long_grid, erik_vaults_2, lemuel_doored_altar, drop_trap
D:15:     gammafunk_depths_entry_grave, layout_long_grid,
          minmay_misc_feat_ornament
Temple:   nicolae_temple_bog_church
Lair:1:   layout_cave_shapes, lemuel_fruit_fields, uniq_urug
Lair:2:   layout_cave_pods
Lair:3:   layout_regular_city, elwin_shoals_entry_stream,
          guppyfry_snake_entry_garden, nicolae_lair_run_with_the_wolves,
          uniq_nessos
Lair:4:   layout_cave_pods
Lair:5:   hellmonk_lair_end_abyssal_woods, layout_cave_pods,
          minmay_slime_entry_pillars, nicolae_volcano_entry_s_turn,
          st_stairs_12, serial_bayou_shore_b, grunt_megastairs_3
Shoals:1: layout_shoals, ebering_ghost_davey_jones,
          nicolae_shoals_circle_sea_wall, dpeg_stationary_puzzle
Shoals:2: layout_shoals, nicolae_shop_dragon_depot, hangedman_shoals_cup_caves
Shoals:3: layout_shoals, serial_shops, shop_fountains, gammafunk_ghost_arena,
          nicolae_shoals_square_sea_wall, nicolae_shoals_lost_giant_pillars
Shoals:4: shoals_end_hellmonk_storm_palace [storm_palace_center_square,
          storm_palace_corner_narrow, storm_palace_corner_pillars,
          storm_palace_corner_narrow, storm_palace_corner_reverse_hut],
          uniq_polyphemus
Snake:1:  layout_honeycomb, nicolae_snake_ghostly_warrior_ritual, uniq_mlioglotl
Snake:2:  layout_chambers, special_room
Snake:3:  layout_gridlike, grunt_megastairs_2, serial_bayou_shore_b, uniq_donald
Snake:4:  snake_pit_salamanders_mu, layout_cave_town, gammafunk_ghost_arena,
          serial_shops, nicolae_square_shop, hangedman_snake_wide_pillar_pass,
          grunt_ministairs_7, uniq_aizul
Slime:1:  layout_caves
Slime:2:  cheibrodos_slime_lost_civilization_9, layout_caves
Orc:1:    layout_caves, portal_ice_cave_demonic_guard, serial_shops,
          nicolae_shop_hallway_plus, uniq_erica
Orc:2:    st_orc_ogre_mass, layout_diamond_mine, nicolae_orc_lava_tube,
          statue_in_the_mist_lemuel, bh_open_orc_temple
Elf:1:    nicolae_elf_arrival_fired_up, layout_gridlike, minmay_elf_necromancy
Elf:2:    nicolae_elf_blades_splatter_lattice
          [nicolae_blade_entry_diamond_columns], layout_geoelf_grid,
          serial_shops, shop_fountains, basic_altar
Elf:3:    elf_hall, layout_geoelf_octagon, basic_altar, serial_shops, shop,
          serial_glass, glass_columns_b, glass_columns_a, item_on_display_a,
          feat_on_display, minivault_27, nicolae_specific_store,
          dreamdust_princess_bridge, grunt_ministairs_13, uniq_bai_suzhen
Vaults:1: v_alt_pattern_4, vaults_mumra_hex, dpeg_vaults_monster_row,
          nicolae_vaults_yaktaur_gun_rack, grunt_vaults_diagonal,
          layout_vaults_chaotic_city
Vaults:2: ontoclasm_vaults_ring_large, dpeg_vaults_monster_box,
          hangedman_vaults_restitches, nicolae_vaults_circle_grid_b, v_rooms_6,
          vaults_dpeg_diagonal, vaults_dpeg_emergency_exit, v_misc_9, v_misc_15,
          v_misc_13, ontoclasm_vaults_chip, v_misc_30, vaults_room_pool,
          layout_vaults_ring
Vaults:3: grunt_vaults_swirl, vaults_dpeg_ring, minmay_crypt_entry_necro_gods,
          nicolae_vaults_network_s, vaults_mumra_minichess_inversion, v_misc_9,
          hangedman_vaults_nails, nicolae_vaults_little_squares_2,
          ontoclasm_vaults_gateway, layout_vaults_quadrants
Vaults:4: nicolae_vaults_good_morning_starshine,
          nicolae_vaults_little_squares_6, ontoclasm_vaults_loading_screen,
          ontoclasm_vaults_eye, v_misc_26, hangedman_vaults_restitches,
          hangedman_vaults_snaps, v_pattern_1, v_misc_9, v_misc_23,
          nicolae_vaults_rhombus_5, vaults_mumra_chevron, layout_vaults_maze
Vaults:5: serial_shops
Crypt:1:  layout_gridlike, amcnicky_mini_corridor_feature,
          grunt_crypt_arrival_split, uniq_josephina
Crypt:2:  layout_chaotic_city, grunt_ministairs_2, minicrypt_bobbens,
          uniq_margery
Crypt:3:  grunt_crypt_end_deaths_head
Depths:1: minmay_split_circle, layout_basic, hell_entry, abyss_entry,
          glass_columns_c, uniq_nikola
Depths:2: minmay_the_grid_square_5x5_3x3 [minmay_the_grid_square_5x5_shuriken,
          minmay_the_grid_square_5x5_doubleslash,
          minmay_the_grid_square_5x5_checkered,
          minmay_the_grid_square_5x5_hollow_slash,
          minmay_the_grid_square_5x5_megaprize_checkered,
          minmay_the_grid_square_5x5_minimal,
          minmay_the_grid_square_5x5_shrine2, minmay_the_grid_square_5x5_seven,
          minmay_the_grid_square_5x5_c], layout_cave_pools, lightli_too_deep,
          nicolae_vehumet_radiance, pan_entry,
          nicolae_abyss_entry_one_way_or_another, uniq_asterion
Depths:3: kennysheep_four_of_diamonds, layout_gridlike, enter_ziggurat_c,
          hell_entry, abyss_entry, rand_demon_pan_entry_9, serial_bayou_pond_e
Depths:4: grunt_crosshair, layout_cave_shapes, enter_trove_6,
          grunt_decor_clamped, grunt_pan_entry_in_and_out, hell_entry,
          nicolae_hepliaklqana_monster_ancestors
Hell
Dis:1:    layout_overlapping_boxes, nicolae_dis_having_a_grate_time
Dis:2:    hangedman_dis_decor_blocks_talon, layout_subdivisions
Zot:1:    lemuel_firehouse, layout_cathedral_of_symmetry, gammafunk_ghost_arena
Zot:2:    layout_onion_interference
Zot:3:    layout_gridlike
Zot:4:    layout_onion_interference, basic_altar
Zot:5:    layout_misc_corridors
Pan:      grunt_pan_pentagram, layout_onion_city, pan_blood_fountain_small,
          reaverb_pan_chaos_star

Skill      XL: |  1  2  3  4  5  6  7  8  9 10 11 12 13 14 15 16 17 18 19 20 21 22 23 24 25 26 27 |
---------------+----------------------------------------------------------------------------------+-----
Earth Magic    | 4 5 6 7 8 13 15 17 20 22 24 27 | 27.0
Conjurations   | 2 6 7 8 12 13 14 15 17 | 17.0
Spellcasting   | 3 7 10 12 15 16 17 18 20 | 20.0
Fighting       | 1 2 10 12 15 17 20 22 23 24 | 24.0
Invocations    | 2 10 12 13 14 | 14.0
Stealth        | 5 10 | 10.0
Fire Magic     | 4 5 10 11 | 11.9
Dodging        | 5 10 13 | 13.0
Armour         | 5 10 | 10.0
Shields        | 10 | 10.0
Polearms       | 10 13 | 13.6
Evocations     | 4 5 |  5.0
Staves         | 7 |  7.2
Transmutations | |  0.7

Action                   |  1- 3 |  4- 6 |  7- 9 | 10-12 | 13-15 | 16-18 | 19-21 | 22-24 | 25-27 || total
-------------------------+-------+-------+-------+-------+-------+-------+-------+-------+-------++-------
Melee: Hand axe          |    15 |    48 |       |       |       |       |       |       |       ||    63
       Whip              |       |       |    69 |       |       |       |       |       |       ||    69
       Flail             |       |       |     6 |   186 |       |       |       |       |       ||   192
       Punch             |       |       |       |     6 |     2 |     2 |       |       |       ||    10
       Trident           |       |       |       |    24 |   109 |   105 |    32 |     8 |       ||   278
       Arbalest          |       |       |       |       |     1 |       |       |       |       ||     1
       Staff             |       |       |       |       |       |       |       |     3 |    20 ||    23
       Lajatang          |       |       |       |       |       |       |       |    10 |     2 ||    12
       Trishula          |       |       |       |       |       |       |       |       |   168 ||   168
 Fire: Arbalest          |       |       |       |       |   227 |   138 |   281 |   207 |    71 ||   924
 Cast: Sandblast         |    34 |    76 |   163 |   318 |   525 |   385 |    15 |       |       ||  1516
       Stone Arrow       |       |       |    15 |   106 |   176 |   131 |    21 |     2 |       ||   451
       Fireball          |       |       |       |       |    42 |    92 |    36 |    44 |     5 ||   219
       Mephitic Cloud    |       |       |       |       |    34 |    15 |     1 |     3 |     1 ||    54
       Magic Dart        |       |       |       |       |    46 |    99 |     8 |       |       ||   153
       Iskenderun's Batt |       |       |       |       |     9 |   132 |    12 |    12 |       ||   165
       Iskenderun's Myst |       |       |       |       |     4 |     5 |     3 |     1 |       ||    13
       Searing Ray       |       |       |       |       |       |   108 |     7 |    13 |       ||   128
       Irradiate         |       |       |       |       |       |    54 |    60 |    93 |    21 ||   228
       Starburst         |       |       |       |       |       |     7 |     7 |    23 |     1 ||    38
       Borgnjor's Vile C |       |       |       |       |       |       |   258 |   143 |    21 ||   422
       Orb of Destructio |       |       |       |       |       |       |   286 |   326 |   268 ||   880
       Lehudib's Crystal |       |       |       |       |       |       |       |    66 |   342 ||   408
       Shatter           |       |       |       |       |       |       |       |       |   130 ||   130
       Death's Door      |       |       |       |       |       |       |       |       |     3 ||     3
Invok: Channel Magic     |       |       |       |     3 |     5 |     3 |     2 |     3 |     5 ||    21
       Divine Exegesis   |       |       |       |       |       |       |       |       |     3 ||     3
Evoke: Wand              |       |       |       |       |       |     1 |     2 |     1 |       ||     4
  Use: Potion            |       |     1 |       |       |     4 |       |       |       |       ||     5
       Scroll            |       |       |     5 |     8 |    17 |     3 |     1 |    10 |     8 ||    52
 Stab: Sleeping          |     1 |       |       |       |       |       |       |       |       ||     1
       Distracted        |       |       |       |       |       |       |       |       |     2 ||     2
Armor: Robe              |    19 |    25 |       |       |       |       |       |       |       ||    44
       Leather armour    |       |    73 |    96 |   595 |   592 |   817 |   301 |   433 |   565 ||  3472
Dodge: Dodged            |    29 |   101 |    76 |   438 |   476 |   845 |   425 |   598 |   567 ||  3555
       Repelled          |       |       |       |       |       |       |     8 |       |       ||     8
Block: Other             |       |       |       |       |       |       |       |       |    10 ||    10
       Buckler           |       |       |       |       |       |       |       |       |   106 ||   106
